 Dungeon Crawl Stone Soup version 0.32-a0-986-ga09f62fbf4 (webtiles) character file.

Game seed: 8899972491746034013

39 elagabalus the Changeling (level 3, -1/26 HPs)
             Began as a Merfolk Shapeshifter on Apr 21, 2024.
             Slain by a ribbon worm (6 damage)
             ... on level 2 of the Dungeon.
             The game lasted 00:05:52 (827 turns).

elagabalus the Changeling (Merfolk Shapeshifter)     Turns: 827, Time: 00:05:53

Health: -1/26      AC:  2    Str: 16    XL:     3   Next: 45%
Magic:  3/3        EV: 11    Int:  9    God:
Gold:   72         SH:  0    Dex: 13    Spells: 2/2 levels left

rFire   . .          .
                       - Unarmed
rCold   . . .        (no shield)
rNeg    . . .        a - +0 animal skin
rPois   .            (helmet currently unavailable)
rElec   .            (cloak currently unavailable)
rCorr   .            f - melded +0 pair of gloves
SInv    .            (boots currently unavailable)
Will    .....        (no amulet)
Stlth   +            (no ring)
HPRegen 0.24/turn    (no ring)
MPRegen 0.08/turn

%: no passive effects
@: beast-form
A: beast (slay +3), (nimble swimmer 2), mertail
a: Begin Untransformation


You were on level 2 of the Dungeon.
You were a hulking beast.
You visited 1 branch of the dungeon, and saw 2 of its levels.

You collected 72 gold pieces.

Inventory:

Armour
 a - a +0 animal skin (worn)
 f - a +0 pair of gloves (melded)
Talismans
 c - a beast talisman (active)
 d - a flux talisman
Scrolls
 g - a scroll of identify
 h - 2 scrolls of poison
Potions
 b - a potion of lignification
 k - a potion of mutation
 l - 2 potions of cancellation


   Skills:
 - Level 1.1 Fighting
 - Level 2.6 Dodging
 - Level 3.2 Unarmed Combat
 * Level 5.6 Shapeshifting


You had 2 spell levels left.
You didn't know any spells.
Your spell library was empty.

Dungeon Overview and Level Annotations

Branches:
Dungeon (2/15)

Altars:

Shops:
D:2 *


Innate Abilities, Weirdness & Mutations

You are a hulking beast.
Your limbs bulge with bestial killing power. (Slay +3)
((You are very nimble when in or above water. (Stealth+, EV+, Speed+++)))
Your lower body shifts to a powerful aquatic tail in water.


Message History

You feel sick.
You now have 72 gold pieces (gained 16).
You feel sick.
You feel sick.
You feel sick.
You feel sick.
You are no longer poisoned.
A ribbon worm and a giant cockroach come into view.
The ribbon worm moves out of view.
The giant cockroach bites you.
You closely miss the giant cockroach.
The giant cockroach bites you but does no damage.
You closely miss the giant cockroach.
The giant cockroach completely misses you.
You punch the giant cockroach!
You kill the giant cockroach!
The ribbon worm barely misses you.
You hit the ribbon worm.
The ribbon worm is lightly wounded.
You barely miss the ribbon worm.
The ribbon worm is lightly wounded.
The ribbon worm expels a string of sticky webbing.
The stream of webbing hits you but does no damage.
You are caught in a web!
You struggle to detach yourself from the web.
The ribbon worm bites you.
* * * LOW HITPOINT WARNING * * *
The web tears apart.
The ribbon worm bites you but does no damage.
You barely miss the ribbon worm.
The ribbon worm bites you but does no damage.
You hit the ribbon worm.
The ribbon worm is moderately wounded.
You hit the ribbon worm.
The ribbon worm is heavily wounded.
The ribbon worm expels a string of sticky webbing.
The stream of webbing hits you but does no damage.
You are caught in a web!
The web tears apart.
The ribbon worm bites you.
You die...

....######.####.#.....#.#
##.## #.......#.#.#...#.#
##.# #.##.##.#.......#.#
...# #.##†##.###....)<.#
#### #†#..##.# ###...###
##### #.#.###.## #...##
....###........# #.....
....#..........####...##.
....#.##...#....h.......
#
.......#.........w......
....#...................
....#....#..##.####...#.
#####..........# .....
#......##### ..#.
###.#### .# #.# .# ## #.#


You could see a ribbon worm (catching breath).

Vanquished Creatures
  An adder (D:2)
  2 dart slugs (D:1)
  4 ball pythons
  An endoplasm (D:1)
  3 giant cockroaches
  3 goblins (D:1)
  3 hobgoblins (D:1)
  A quokka (D:1)
  2 frilled lizards (D:1)
  A kobold (D:1)
  5 rats
26 creatures vanquished.

Notes
Turn   | Place    | Note
-------+----------+-------------------------------------------
     0 | D:1      | elagabalus the Merfolk Shapeshifter began the quest for the
                  | Orb.
     0 | D:1      | Reached XP level 1. HP: 15/15 MP: 1/1
   140 | D:1      | Reached XP level 2. HP: 14/21 MP: 2/2
   277 | D:1      | You fall into a shaft and drop 1 floor!
   289 | D:2      | Reached skill level 5 in Shapeshifting
   496 | D:1      | Reached XP level 3. HP: 26/26 MP: 3/3
   707 | D:2      | Found Vyidil's General Store.
   827 | D:2      | Slain by a ribbon worm

Illustrated notes

Levels and vault maps discovered:
D:1:      minmay_arrival_four_circles, layout_loops_cross,
          nicolae_concentric_dashed_squares_mild
D:2:      layout_loops_cross, nicolae_ecumenical_oubliette, serial_shops, shop,
          minmay_tetromino_o4

Skill      XL: |  1  2 |
---------------+-------+-----
Shapeshifting  | 5 |  5.6
Fighting       | |  1.1
Dodging        | |  2.6
Unarmed Combat | |  3.2

Action                     || total
---------------------------++-------
  Melee: Unarmed           ||    91
    Use: Scroll            ||     6
   Stab: Sleeping          ||     1
 Armour: Animal skin       ||    47
  Dodge: Dodged            ||    52
         Form:             ||     1
         Beast             ||     1

Table legend: (Time is in decaauts)
 A = Elapsed time spent in this place.
 B = Non-inter-level travel time spent in this place.
 C = Inter-level travel time spent in this place.
 D = Time resting spent in this place.
 E = Time spent auto-exploring this place.
 F = Levels seen in this place.
 G = Mean time per level.
                   A        B        C        D        E       F      G
               +--------+--------+--------+--------+--------+-----+--------+
         Total |    820 |    820 |      0 |      0 |      0 |   2 |  410.0 |
       Dungeon |    820 |    820 |      0 |      0 |      0 |   2 |  410.0 |
               +--------+--------+--------+--------+--------+-----+--------+

Top non-repeatable levels by time:
     D:1: 561 daAuts
     D:2: 259 daAuts
